 Dungeon Crawl Stone Soup version 0.32-a0-314-g526f7d4993 (webtiles) character file.

Game seed: 17756752699115290011

332 anacleto the Cutter (level 6, 0/30 HPs)
             Began as a Spriggan Brigand on Feb 16, 2024.
             Killed from afar by an orc (13 damage)
             ... with a bolt of dispelling energy
             ... on level 3 of the Dungeon.
             The game lasted 00:06:55 (2122 turns).

anacleto the Cutter (Spriggan Brigand)              Turns: 2122, Time: 00:06:56

Health: 0/30       AC: 10    Str:  7    XL:     6   Next: 26%
Magic:  16/16      EV: 10    Int: 15    God:
Gold:   78         SH:  0    Dex: 16    Spells: 5/5 levels left

rFire   x x .        a - +1 rapier of the Sixty-Six Xeniums {vamp, rPois rF- MP+9}
rCold   + + .        (no shield)
rNeg    . . .        k - +0 ice dragon scales
rPois   +            (helmet restricted)
rElec   .            f - +0 cloak
rCorr   .            (gloves unavailable)
SInv    +            (boots unavailable)
Will    +....        (no amulet)
Stlth   ++           (no ring)
HPRegen 0.25/turn    (no ring)
MPRegen 0.15/turn

%: no passive effects
@: very quick
A: very small, no large weapons, unfitting armour, see invisible, speed 3
a: no special abilities


You were on level 3 of the Dungeon.
You visited 1 branch of the dungeon, and saw 3 of its levels.

You collected 78 gold pieces.

Inventory:

Hand Weapons
 a - the +1 rapier of the Sixty-Six Xeniums (weapon) {vamp, rPois rF- MP+9}
   (You found it on level 3 of the Dungeon)

   rF-:       It makes you vulnerable to fire.
   rPois:     It protects you from poison MP+9: It affects your magic capacity
   (+9).
 i - a +2 dagger
Missiles
 d - 6 poisoned darts (quivered)
 e - a curare-tipped dart
 g - 2 darts of dispersal
 m - 6 datura-tipped darts
Armour
 b - a +0 robe
 c - a +0 cloak
 f - a +0 cloak (worn)
 k - +0 ice dragon scales (worn)
Scrolls
 j - a scroll of teleportation {unknown}
 o - a scroll of immolation {unknown}
 q - 3 scrolls of revelation {unknown}
 r - a scroll of identify {unknown}
Potions
 h - 2 potions of haste {unknown}
 l - a potion of lignification {unknown}
 n - a potion of curing {unknown}
 p - a potion of ambrosia {unknown}
 s - a potion of brilliance {unknown}


   Skills:
 - Level 1.5 Fighting
 + Level 7.4 Short Blades
 - Level 2.0 Throwing
 - Level 1.3 Dodging
 - Level 5.8 Stealth


You had 5 spell levels left.
You didn't know any spells.
Your spell library was empty.

Dungeon Overview and Level Annotations

Branches:
Dungeon (3/15)

Altars:


Innate Abilities, Weirdness & Mutations

You are very small and have problems with some larger weapons.
You are too small for most types of armour.
You have supernaturally acute eyesight. (SInv)
You cover ground extremely quickly. (Speed+++)


Message History

There is a stone staircase leading up here.
The orc zaps a wand.
The bolt of dispelling energy hits you!
The orc priest calls down the wrath of Beogh upon you.
You resist with significant effort.
There is a stone staircase leading up here.
You climb upwards.
There is a stone staircase leading down here.
You start resting.
HP restored.
There is a stone staircase leading down here.
You climb downwards.
Found a golden potion.
There is a stone staircase leading up here.
s - a golden potion The orc priest hits you but does no damage.
You puncture the orc priest!
The orc priest is heavily wounded.
The orc priest hits you but does no damage.
You closely miss the orc priest.
The orc priest is heavily wounded.
The orc priest hits you but does no damage.
You puncture the orc priest!
The orc priest is almost dead.
The orc priest closely misses you.
You barely miss the orc priest.
The orc priest is almost dead.
You closely miss the orc priest.
The orc priest is almost dead.
The orc priest misses you.
You puncture the orc priest!
You kill the orc priest!
You see here a +0 flail.
The orc shouts!
The orc zaps a wand.
The bolt of dispelling energy hits you!!
Ouch! That really hurt!
You hit the orc.
You feel better.
The orc is severely wounded.
The orc zaps a wand.
The bolt of dispelling energy hits you!
You die...

######### #.<.....#
#.......##### ##........)..# ..
............##.########## .
#####....o@....>##.......## #.
...########....##......... .
#.## ##.#..........# #.
#..########....##....###
###.#####........).....#####.###
...........##########...## #...#
.....<.###.......##
###..#####.##
#...##..########..#####...# #...
#.. ##.# #..o...##.#.# ###.


You could see an orc.

Vanquished Creatures
  Sigmund (D:2)
  An orc priest (D:3)
  A gnoll (D:1)
  4 adders (D:2)
  2 dart slugs
  6 ball pythons
  4 endoplasms
  3 goblins
  6 hobgoblins
  5 jackals (D:1)
  6 kobolds
  2 quokkas
  6 bats
  3 frilled lizards (D:1)
  6 rats
56 creatures vanquished.

Vanquished Creatures (others)
  An orc (D:3)
1 creature vanquished.

Grand Total: 57 creatures vanquished

Notes
Turn   | Place    | Note
-------+----------+-------------------------------------------
     0 | D:1      | anacleto the Spriggan Brigand began the quest for the Orb.
     0 | D:1      | Reached XP level 1. HP: 10/10 MP: 2/2
    83 | D:1      | Reached skill level 3 in Short Blades
   127 | D:1      | Reached XP level 2. HP: 14/14 MP: 3/3
   380 | D:1      | Reached XP level 3. HP: 18/18 MP: 4/4
   412 | D:1      | Reached skill level 4 in Short Blades
  1000 | D:2      | Reached XP level 4. HP: 22/22 MP: 5/5
  1055 | D:2      | Reached skill level 5 in Short Blades
  1540 | D:2      | Noticed Sigmund
  1580 | D:2      | Killed Sigmund
  1581 | D:2      | Reached skill level 7 in Short Blades
  1581 | D:2      | Reached XP level 5. HP: 19/25 MP: 6/6
  1581 | D:2      | Reached XP level 6. HP: 23/30 MP: 7/7
  1883 | D:3      | Identified the +1 rapier of the Sixty-Six Xeniums {vamp,
                  | rPois rF- MP+9}
  2122 | D:3      | Killed from afar by an orc

Illustrated notes

Levels and vault maps discovered:
D:1:      lemuel_arrival_cross, layout_rooms, chequers_serial_rivers_small_3,
          serial_park_tiny_pond, skrybe_limestone_x
D:2:      minmay_angry_zag, layout_loops_ring, uniq_sigmund
D:3:      layout_rooms, marbit_many_paths, ebering_ecumenical_altar_webs

Skill      XL: |  1  2  3  4 |
---------------+-------------+-----
Short Blades   | 3 4 7 |  7.4
Fighting       | |  1.5
Throwing       | |  2.0
Dodging        | |  1.3
Stealth        | |  5.8

Action                     |  1- 3 |  4- 6 || total
---------------------------+-------+-------++-------
  Melee: Dagger            |   127 |    89 ||   216
         Rapier            |       |     7 ||     7
  Throw: Dart              |     2 |     6 ||     8
   Stab: Sleeping          |     3 |     2 ||     5
 Armour: Robe              |    39 |     6 ||    45
         Ice dragon scales |       |    37 ||    37
  Dodge: Dodged            |    72 |    53 ||   125

Table legend: (Time is in decaauts)
 A = Elapsed time spent in this place.
 B = Non-inter-level travel time spent in this place.
 C = Inter-level travel time spent in this place.
 D = Time resting spent in this place.
 E = Time spent auto-exploring this place.
 F = Levels seen in this place.
 G = Mean time per level.
                   A        B        C        D        E       F      G
               +--------+--------+--------+--------+--------+-----+--------+
         Total |   1486 |   1468 |     18 |    209 |    778 |   3 |  495.3 |
       Dungeon |   1486 |   1468 |     18 |    209 |    778 |   3 |  495.3 |
               +--------+--------+--------+--------+--------+-----+--------+

Top non-repeatable levels by time:
     D:2: 734 daAuts
     D:1: 646 daAuts
     D:3: 104 daAuts
